 Dungeon Crawl Stone Soup version 0.31.0-11-ge490571c62 (webtiles) character file.

Game seed: 16973601161721158660

8746 PaiMei the Reanimator (level 11, -3/86 HPs)
             Began as a Demonspawn Necromancer on Jan 31, 2024.
             Slain by an unseen horror (9 damage)
             ... on level 10 of the Dungeon.
             The game lasted 00:18:44 (16650 turns).

PaiMei the Reanimator (Demonspawn Necromancer)     Turns: 16650, Time: 00:18:45

Health: -3/86      AC: 10    Str: 16    XL:     11   Next: 14%
Magic:  23/23      EV: 16    Int: 21    God:
Gold:   455        SH:  0    Dex: 16    Spells: 18/26 levels left

rFire   . . .        y - +6 broad axe of the Hand {flame, Will- rCorr Dex+3}
rCold   + . .        (no shield)
rNeg    . . .        P - +3 leather armour "Vyroh" {rC+ Str+8}
rPois   +            (no helmet)
rElec   .            (no cloak)
rCorr   +            (gloves unavailable)
SInv    .            (no boots)
Will    .....        (no amulet)
Stlth   ++           H - ring of wizardry
HPRegen 0.34/turn    (no ring)
MPRegen 0.18/turn

%: wizardry (x1)
@: hasted, invisible, very quick
A: slimy green scales 3, powered by death 2, demonic touch 3
a: no special abilities


You were on level 10 of the Dungeon.
You visited 2 branches of the dungeon, and saw 11 of its levels.
You also visited: Sewer and Bailey.

You collected 609 gold pieces.
You spent 154 gold pieces at shops.

Inventory:

Hand Weapons
 y - the +6 broad axe of the Hand (weapon) {flame, Will- rCorr Dex+3}
   (You found it on level 4 of the Dungeon)

   Dex+3:     It affects your dexterity (+3).
   Will-:     It decreases your willpower.
   rCorr:     It protects you from acid and corrosion.
 O - the +6 battleaxe of the Muttering Fool {protect, Int+3}
   (You found it in a bailey)

   Int+3:     It affects your intelligence (+3).
Missiles
 k - 15 throwing nets
 w - 47 poisoned darts
 I - 6 curare-tipped darts
Armour
 l - a +0 tower shield
 P - the +3 leather armour "Vyroh" (worn) {rC+ Str+8}
   (You found it on level 8 of the Dungeon)

   Str+8:     It affects your strength (+8).
   rC+:       It protects you from cold.
Jewellery
 H - a ring of wizardry (left hand)
Wands
 v - a wand of flame (71)
 D - a wand of digging (7)
 K - a wand of paralysis (10)
Scrolls
 d - a scroll of torment {unknown}
 e - 3 scrolls of noise {unknown}
 h - 4 scrolls of enchant armour
 j - 2 scrolls of fog {unknown}
 n - a scroll of brand weapon {unknown}
 o - 4 scrolls of blinking {unknown}
 p - 2 scrolls of poison {unknown}
 r - 5 scrolls of teleportation {unknown}
 x - 6 scrolls of identify {unknown}
 z - 3 scrolls of enchant weapon {unknown}
 A - 4 scrolls of revelation {unknown}
 C - 2 scrolls of fear {unknown}
 F - 2 scrolls of amnesia {unknown}
 G - a scroll of immolation {unknown}
 L - a scroll of acquirement
Potions
 b - 3 potions of magic
 f - 2 potions of attraction {unknown}
 i - a potion of might {unknown}
 q - 2 potions of haste
 t - 2 potions of invisibility
 u - a potion of experience {unknown}
 B - 4 potions of curing
 E - a potion of lignification {unknown}
 M - a potion of heal wounds {unknown}
 N - a potion of brilliance {unknown}


   Skills:
 + Level 8.3 Fighting
 + Level 8.2 Dodging
 - Level 3.0 Stealth
 + Level 8.3 Spellcasting
 + Level 10.5 Necromancy


You had 18 spell levels left.
You knew the following spells:

 Your Spells              Type           Power      Damage    Failure   Level
a - Necrotise             Necr           100%       1d9       1%          1
b - Vampiric Draining     Necr           52%        2d9       1%          3
c - Animate Dead          Necr           52%        N/A       1%          4

Your spell library contained the following spells:

 Spells                   Type           Power      Damage    Failure   Level
 Sublimation of Blood     Necr           52%        N/A       1%          2
 Curse of Agony           Necr           52%        N/A       1%          5
 Freeze                   Ice            32%        1d5       4%          1
 Call Imp                 Summ           16%        N/A       6%          2
 Ensorcelled Hibernation  Hex/Ice        16%        N/A       6%          2
 Frozen Ramparts          Ice            16%        1d3       12%         3
 Hailstorm                Conj/Ice       8%         3d5       12%         3
 Passwall                 Erth           8%         N/A       12%         3
 Swiftness                Air            8%         N/A       12%         3
 Volatile Blastmotes      Fire/Tloc      16%        2d11      12%         3
 Fulminant Prism          Conj/Alch      4%         3d5       34%         4
 Iskenderun's Mystic Bla  Conj/Tloc      8%         2d4       34%         4
 Summon Hydra             Summ           4%         N/A       100%        7


Dungeon Overview and Level Annotations

Branches:
Dungeon (10/15)            Temple (1/1) D:6           Sewer (visited)
 Bailey (visited)
   Lair: D:8-11         Orc: D:9-12

Altars:
Ashenzari
Cheibriados
Dithmenos
Fedhas
Hepliaklqana
Makhleb
Nemelex Xobeh
Okawaru
Qazlal
Ru
Sif Muna
Trog
Uskayaw
Wu Jian
Xom
Yredelemnul

Shops:
D:5 !   D:6 *(

Annotations:
D:10 3 runed translucent doors, ggggg's ghost, novice TrSh


Innate Abilities, Weirdness & Mutations

You are completely covered in slimy green scales. (AC +4, rPois)
You regenerate health from kills.
Your touch may irresistibly damage your foes and sap their willpower.


Message History

Something barely misses you. Something hits you. Something barely misses you.
You slash something! You burn something. Your touch misses something.
Something hits you. Something hits you.
Something hits you but does no damage. x2
You slash something! You burn something. Something barely misses you.
Something hits you! Something barely misses you.
You miss something. You punch something. Something hits you but does no damage.
Something barely misses you. x2; Something hits you!
You completely miss something. Your touch misses something.
Something barely misses you. Something hits you. Something closely misses you.
Something hits you. Something hits you but does no damage.
You hit something. You burn something. Your touch misses something.
Something hits you. Something hits you!
You closely miss something.
You touch something.
You sap its willpower!
Something hits you. Something hits you. Something hits you but does no damage.
Something hits you!
* * * LOW HITPOINT WARNING * * *
Something hits you.
* * * LOW HITPOINT WARNING * * *
Something hits you!
* * * LOW HITPOINT WARNING * * *
You hit something. You burn something. Something hits you but does no damage.
Something hits you.
* * * LOW HITPOINT WARNING * * *
Something hits you but does no damage. Something closely misses you.
You closely miss something. Something hits you.
* * * LOW HITPOINT WARNING * * *
You feel better. Something hits you but does no damage. Something hits you.
* * * LOW HITPOINT WARNING * * *
It was a potion of haste.
You feel yourself speed up. Something hits you but does no damage.
Something hits you!
* * * LOW HITPOINT WARNING * * *
It was a potion of invisibility.
You fade into invisibility!
Something hits you but does no damage.
Okay, then.
Something hits you!
You die... ...##......# ##..#...###.#. ...........###..# #........ #......###.....# #........ .......# #....## #........ ......8# ##..## #[......... +####### #..## #.....##.. oo..Wo#

#...### #........ ##o...#
#.....####......[#
o.###.#..###....@......##..#
o.#8#.#..............####.#
... . #...##...####..##..#
#..## #.### ##.....####.
#######. #.# ###........
...... #.# #.....### #....
###.## ##.#...#
#...####....# #..##..#
#....#......## #.## #..#


There were no monsters in sight!

Vanquished Creatures
  A two-headed ogre (D:9)
  2 kobold demonologists (Bailey)
  3 trolls
  Prince Ribbit (D:7)
  2 wraiths (D:9)
  7 yaks
  A steam dragon (D:8)
  Edmund (D:6)
  A water moccasin (D:7)
  Pargi (D:4)
  A sky beast (D:7)
  A black bear (D:7)
  2 ice beasts
  9 orc warriors
  An ogre (D:4)
  2 wolves (D:5)
  A brain worm (Sewer)
  4 kobold brigands
  2 gnoll sergeants (D:5)
  6 bullfrogs
  2 necrophages (D:6)
  6 wights
  9 killer bees
  2 electric eels (Bailey)
  A bombardier beetle (D:6)
  4 howler monkeys
  A centaur zombie (D:6)
  10 hounds
  6 orc priests
  4 gnoll boudas (D:5)
  2 jellies
  3 sleepcaps
  5 iguanas
  A human zombie (D:6)
  6 orc wizards
  A killer bee zombie (D:6)
  3 mummies (D:6)
  A howler monkey zombie (D:6)
  36 gnolls
  A river rat (D:4)
  7 adders
  A white imp (D:8)
  2 dart slugs (D:1)
  34 orcs
  3 endoplasms
  7 giant cockroaches
  16 goblins
  9 hobgoblins
  4 jackals (D:4)
  19 kobolds
  5 quokkas
  3 ball pythons
  A bat (D:1)
  2 frilled lizards
  10 rats
276 creatures vanquished.

Vanquished Creatures (collateral kills)
  2 gnolls (D:5)
  A dart slug (D:1)
  An orc (D:5)
  A giant cockroach (D:4)
  A jackal (D:2)
  A frilled lizard (D:1)
7 creatures vanquished.

Grand Total: 283 creatures vanquished

Notes
Turn   | Place    | Note
-------+----------+-------------------------------------------
     0 | D:1      | PaiMei the Demonspawn Necromancer began the quest for the
                  | Orb.
     0 | D:1      | Reached XP level 1. HP: 13/13 MP: 3/3
   244 | D:1      | Gained mutation: You are partially covered in slimy green
                  | scales. (AC +2) [demonic ancestry]
   244 | D:1      | Reached XP level 2. HP: 19/19 MP: 1/5
   782 | D:1      | Gained mutation: You regenerate a little health from kills.
                  | [demonic ancestry]
   782 | D:1      | Reached XP level 3. HP: 24/24 MP: 1/6
  1938 | D:2      | You fall into a shaft and drop 2 floors!
  2040 | D:4      | Found a glowing drain.
  2068 | D:4      | Gained mutation: Your touch may inflict minor irresistible
                  | damage on your foes. [demonic ancestry]
  2068 | D:4      | Reached XP level 4. HP: 3/30 MP: 0/7
  2141 | Sewer    | Entered a sewer
  2141 | Sewer    | Noticed a brain worm
  2158 | Sewer    | Killed a brain worm
  2159 | Sewer    | Reached skill level 5 in Necromancy
  2159 | Sewer    | Gained mutation: You are mostly covered in slimy green
                  | scales. (AC +3) [demonic ancestry]
  2159 | Sewer    | Reached XP level 5. HP: 11/35 MP: 0/9
  2426 | Sewer    | Noticed Pargi
  2462 | D:4      | HP: 1/35 [Pargi (1)]
  2463 | D:4      | Killed Pargi
  2464 | D:4      | Reached skill level 1 in Fighting
  2730 | D:4      | Gained mutation: Your touch may inflict irresistible damage
                  | on your foes. [demonic ancestry]
  2730 | D:4      | Reached XP level 6. HP: 43/43 MP: 4/10
  3058 | D:4      | Found a blossoming altar of Fedhas.
  3274 | D:4      | Identified the +6 broad axe of the Hand {flame, Will- rCorr
                  | Dex+3}
  3278 | D:4      | Found an ornate altar of the Wu Jian Council.
  3327 | D:4      | Found a broken altar of Ashenzari.
  3466 | D:4      | Gained mutation: You regenerate health from kills. [demonic
                  | ancestry]
  3466 | D:4      | Reached XP level 7. HP: 23/51 MP: 9/12
  3666 | D:4      | Learned a level 3 spell: Vampiric Draining
  3889 | D:4      | Found a bloodstained altar of Trog.
  4009 | D:5      | Entered Level 5 of the Dungeon
  4016 | D:5      | Reached skill level 6 in Necromancy
  4763 | D:5      | Found Buseirui's Distillery.
  5345 | D:5      | Gained mutation: Your touch may irresistibly damage your
                  | foes and sap their willpower. [demonic ancestry]
  5345 | D:5      | Reached XP level 8. HP: 58/58 MP: 6/14
  6523 | D:5      | Reached skill level 7 in Necromancy
  6556 | D:5      | Reached skill level 5 in Spellcasting
  6708 | D:5      | Reached skill level 5 in Dodging
  8054 | D:5      | Reached skill level 5 in Fighting
  8314 | D:5      | Bought a potion of curing for 42 gold pieces
  8314 | D:5      | Bought a potion of magic for 112 gold pieces
  8404 | D:5      | Found a shimmering blue altar of Sif Muna.
  8512 | D:5      | Learned a level 4 spell: Animate Dead
  8580 | D:6      | Gained mutation: You are completely covered in slimy green
                  | scales. (AC +4, rPois) [demonic ancestry]
  8580 | D:6      | Reached XP level 9. HP: 66/67 MP: 15/17
  8701 | D:6      | Found a burning altar of Makhleb.
  8767 | D:6      | Found Gekhli Nossu's Blasphemy Boutique.
  8790 | D:6      | Found a staircase to the Ecumenical Temple.
  8799 | Temple   | Entered the Ecumenical Temple
  9152 | D:6      | Found a basalt altar of Yredelemnul.
  9385 | D:6      | Reached skill level 8 in Necromancy
 10686 | D:6      | Found a shimmering altar of Xom.
 10686 | D:6      | Found a hide-covered altar of Uskayaw.
 10759 | D:6      | Noticed Edmund
 10773 | D:6      | Killed Edmund
 10995 | D:6      | Found Aducwiwk's Weapon Shop.
 11447 | D:7      | Found a shadowy altar of Dithmenos.
 11461 | D:7      | Noticed Prince Ribbit
 11470 | D:7      | Killed Prince Ribbit
 11578 | D:7      | Reached skill level 9 in Necromancy
 12271 | D:8      | Reached XP level 10. HP: 77/77 MP: 14/20
 12795 | D:8      | Identified the +3 leather armour "Vyroh" {rC+ Str+8}
 12819 | D:8      | Found a flagged portal.
 12840 | Bailey   | Entered a bailey
 13737 | Bailey   | Found an iron altar of Okawaru.
 13762 | Bailey   | Identified the +6 battleaxe of the Muttering Fool {protect,
                  | Int+3}
 14233 | D:8      | Found an iron altar of Okawaru.
 14462 | D:8      | Reached skill level 10 in Necromancy
 15041 | D:9      | Noticed a two-headed ogre
 15629 | D:9      | Killed a two-headed ogre
 15630 | D:9      | Reached XP level 11. HP: 86/86 MP: 8/23
 16514 | D:10     | Entered Level 10 of the Dungeon
 16544 | D:10     | Found a runed translucent gate.
 16545 | D:10     | Found a runed translucent gate.
 16545 | D:10     | Found a runed translucent gate.
 16545 | D:10     | Noticed ggggg's ghost (novice TrSh)
 16650 | D:10     | Slain by an unseen horror

Illustrated notes

Levels and vault maps discovered:
D:1:      minmay_arrival_shoal_huts, layout_basic, amcnicky_mini_pool_small
D:2:      layout_loops_corners, hangedman_decor_growths, minivault_5,
          minmay_heptomino_l4
D:3:      layout_loops_ring, nicolae_overflow_ecumenical_swirl,
          kiku_gazebo_garden_becter, kennysheep_another_room,
          serial_park_tiny_1, uniq_sigmund, uniq_grinder, uniq_natasha
D:4:      layout_basic, mainiacjoe_overflow_boulevard, lemuel_crystal_altar,
          fedhas_altar_3, kennysheep_little_box, elyvilon_altar_5,
          portal_sewer_entry_b
D:5:      layout_cave_pools, kennysheep_orc_sif_temple, serial_gnoll_camp,
          gnoll_camp_huts_moat, gnoll_camp_mini_shop, gnoll_camp_mini_house,
          gnoll_camp_mini_hut, guppyfry_early_orc_mine
D:6:      layout_gridville, lemuel_mausoleum_altar_yredelemnul,
          general_overflow_altar, gammafunk_temple_overflow_statue,
          minmay_temple_entry_gardened_gates, serial_shops,
          kennysheep_mini_moat, dk_noncrumbling_4, nicolae_evil_shop,
          uniq_edmund
D:7:      layout_loops_cross, mainiacjoe_overflow_paths,
          nicolae_fountain_basement, uniq_prince_ribbit1
D:8:      layout_basic, okawaru_trees_1, enter_bailey_5
D:9:      layout_basic, mainiacjoe_overflow_alcove_4
D:10:     layout_layer_cave, mainiacjoe_overflow_small_starburst,
          david_lair_shrubbed, biasface_ghost_orc_armoury, uniq_fannar,
          uniq_nergalle, uniq_erolcha
Temple:   hellmonk_temple_rainy

Skill      XL: |  1  2  3  4  5  6  7  8  9 10 |
---------------+-------------------------------+-----
Stealth        | 2 3 |  3.0
Dodging        | 2 3 4 5 6 8 |  8.2
Necromancy     | 5 6 7 9 10 | 10.5
Fighting       | 1 2 3 5 6 8 |  8.3
Spellcasting   | 3 4 5 6 8 |  8.3

Action                     |  1- 3 |  4- 6 |  7- 9 | 10-12 || total
---------------------------+-------+-------+-------+-------++-------
  Melee: Hand axe          |    15 |       |       |       ||    15
         Dagger            |    14 |    42 |       |       ||    56
         Touch             |       |    10 |    18 |    17 ||    45
         Broad axe         |       |     6 |   130 |   116 ||   252
         Punch             |       |     1 |       |     2 ||     3
   Cast: Necrotise         |    72 |    69 |   233 |   104 ||   478
         Vampiric Draining |       |       |    51 |    58 ||   109
  Evoke: Wand              |       |       |       |     2 ||     2
    Use: Potion            |       |       |       |     3 ||     3
   Stab: Sleeping          |       |       |     1 |     2 ||     3
         Distracted        |       |       |     1 |     1 ||     2
 Armour: Robe              |    25 |    67 |   163 |    24 ||   279
         Steam dragon scal |       |       |       |    73 ||    73
         Leather armour    |       |       |       |   110 ||   110
  Dodge: Dodged            |    28 |    62 |   207 |   170 ||   467
